Map: Abyssal Reef LE

Players

Overwhelm

  • Race: Terran Terran
  • League: Diamond
  • Spawn Location: 5:00

Yata

  • Race: Terran Terran
  • League: Platinum
  • Spawn Location: 11:00

Dafoe

  • Race: Terran Terran

Myhome

  • Race: Terran Terran
  • League: Diamond

VOD

Have the link to the VOD?

Description

Time

  • Played on: Sept. 27, 2017, 12:48 a.m.
  • Length: 17:21
Show
View Real Time Build Order
Export as new Build Order

Overwhelm Terran 

Build Orders: MMM Bio, Banshee Rush 

Get SALT Encoding   

  12  0:00  SCV  
  13  0:12  SCV  
  14  0:17  Supply Depot  
  14  0:25  SCV  
  15  0:39  SCV  
  15  0:41  Barracks  
  16  0:46  Refinery  
  16  0:51  SCV  
  17  1:03  SCV  
  18  1:17  SCV  
  18  1:18  Supply Depot, Refinery  
  19  1:28  Marine  
  19  1:30  Orbital Command  
  20  1:51  Factory  
  20  1:57  SCV  
  20  1:59  Barracks Reactor  
  21  2:09  SCV  
  22  2:21  SCV  
  22  2:35  Marine x2  
  24  2:38  Starport  
  24  2:39  Factory Tech Lab  
  24  2:40  SCV  
  25  2:49  Supply Depot  
  25  2:52  SCV  
  26  3:04  SCV  
  27  3:15  Command Center  
  27  3:24  Barracks  
  27  3:25  Factory Tech Lab  
  27  3:28  Banshee  
  27  3:29  Cloaking Field  
  30  3:36  SCV  
  30  3:37  Marine  
  30  3:38  Marine  
  33  3:50  Cyclone  
  36  3:56  Marine  
  36  3:57  Marine  
  38  4:20  Supply Depot  
  38  4:26  Supply Depot  
  38  4:27  Raven, SCV  
  38  4:29  Orbital Command  
  41  4:34  Siege Tank  
  44  4:42  SCV  
  44  4:44  Barracks Tech Lab  
  45  5:02  Orbital Command  
  45  5:05  Command Center  
  45  5:19  Marine, Siege Tank  
  45  5:20  Marine  
  50  5:25  Stimpack  
  51  5:28  SCV x2  
  52  5:40  SCV  
  53  5:47  Starport Reactor  
  53  5:49  Barracks  
  53  5:53  Engineering Bay  
  53  5:58  SCV x2  
  55  6:06  Supply Depot  
  55  6:08  Marine x2  
  55  6:09  Marine  
  55  6:10  SCV x2  
  60  6:11  Supply Depot  
  60  6:22  SCV  
  60  6:23  Terran Infantry Weapons Level 1, SCV  
  60  6:25  Barracks, Siege Tank  
  65  6:30  Barracks  
  58  6:47  SCV  
  58  6:48  SCV  
  58  6:51  Orbital Command  
  58  6:53  Reaper  
  58  6:57  Missile Turret  
  58  6:59  Missile Turret  
  55  7:02  Missile Turret  
  55  7:05  SCV x2  
  55  7:07  Marine x2  
  55  7:08  Marine  
  60  7:11  Medivac  
  62  7:16  Medivac  
  62  7:17  SCV  
  54  7:39  Marine  
  54  7:40  Barracks Reactor x2  
  54  7:43  Siege Tank  
  57  7:47  SCV  
  57  7:48  SCV x2  
  60  7:59  SCV  
  60  8:00  SCV x2  
  60  8:05  Combat Shields  
  63  8:06  Marine x4  
  63  8:07  Missile Turret  
  63  8:12  SCV x2  
  69  8:13  SCV  
  70  8:21  Terran Infantry Armor Level 1  
  70  8:24  Marine x4, SCV  
  75  8:31  SCV x2  
  75  8:32  Marine  
  75  8:33  Marine x2  
  80  8:36  SCV  
  80  8:40  Refinery  
  81  8:43  SCV  
  81  8:44  Orbital Command  
  82  8:52  Marine x3  
  82  8:53  Marine x5  
  90  8:55  Medivac  
  90  9:01  Medivac  
  94  9:09  SCV  
  95  9:10  Marine  
  95  9:11  Marine  
  95  9:12  Marine  
  95  9:13  SCV  
  99  9:21  SCV  
  100  9:26  SCV  
  101  9:52  SCV  
  101  10:01  Marine x2  
  101  10:02  Marine x4  
  89  10:19  Marine x4  
  89  10:20  Marine  
  83  10:26  Command Center  
  69  10:28  Marine x3  
  69  10:29  Siege Tank  
  73  10:48  Supply Depot  
  71  10:51  Refinery  
  71  10:56  Refinery, Marine x3  
  71  10:57  Marine x5  
  74  11:02  Siege Tank  
  82  11:14  Marine  
  83  11:24  Marine x3  
  86  11:25  SCV  
  86  11:26  SCV  
  88  11:32  Medivac  
  88  11:33  Medivac  
  88  11:38  Siege Tank, SCV x2  
  91  11:52  Supply Depot  
  87  11:55  Marine  
  87  11:56  Marine  
  87  11:57  Marine x4  
  87  12:00  Orbital Command  
  93  12:02  Viking  
  93  12:03  Supply Depot, Viking  
  93  12:06  SCV  
  98  12:10  Siege Tank  
  98  12:15  Supply Depot  
  101  12:20  SCV  
  102  12:26  Marine x4  
  102  12:27  Supply Depot, Marine x2  
  108  12:32  Medivac x2  
  108  12:33  SCV  
  113  12:38  Supply Depot  
  113  12:42  Siege Tank  
  116  12:45  SCV  
  116  12:48  Command Center  
  117  12:53  Armory  
  117  12:57  SCV  
  118  13:01  Supply Depot  
  118  13:02  Viking x2  
  118  13:05  Marine x3  
  122  13:06  Marine x5  
  122  13:10  SCV  
  131  13:19  Supply Depot  
  131  13:22  SCV  
  131  13:23  Marine x3  
  135  13:34  SCV  
  135  13:40  Viking  
  135  13:41  Supply Depot, Viking  
  140  13:42  Marine x2  
  140  13:43  Marine x2  
  140  13:46  Siege Tank, SCV  
  148  14:00  Marine  
  148  14:01  SCV, Marine x2  
  152  14:04  Supply Depot  
  152  14:08  SCV  
  153  14:10  Viking  
  153  14:13  SCV x2  
  153  14:20  SCV  
  146  14:24  Marine x2  
  146  14:25  SCV x2, Marine x6  
  139  14:32  Refinery  
  139  14:33  SCV  
  139  14:35  Siege Tank  
  138  14:40  Refinery  
  138  14:42  Marine x3  
  138  14:45  SCV  
  132  14:47  Viking  
  132  14:48  Viking  
  134  14:57  SCV  
  134  14:59  Marine x2  
  121  15:01  Marine x4  
  121  15:02  Marine x2  
  121  15:05  Command Center  
  127  15:08  Siege Tank  
  130  15:17  Viking, Marine x2  
  130  15:19  Marine x3  
  110  15:43  Medivac  
  110  15:44  Marine x2  
  110  15:45  Marine x6  
  110  15:47  Medivac  
  122  15:50  Supply Depot  
  122  16:01  Siege Tank  
  122  16:02  Marine x3  
  122  16:03  Marine x5  
  133  16:12  Supply Depot  
  133  16:20  Marine x6  
  133  16:21  Marine x2  
  134  16:33  Siege Tank  
  134  16:37  Marine  
  134  16:38  Marine x7  
  102  16:55  Marine x2  
  102  16:56  Marine x2  
  102  17:07  Command Center  
Show
View Real Time Build Order
Export as new Build Order

Yata Terran 

Build Orders: Reaper Expand, MMM Bio 

Get SALT Encoding   

  12  0:01  SCV  
  13  0:13  SCV  
  14  0:17  Supply Depot  
  14  0:25  SCV  
  15  0:39  SCV  
  15  0:40  Barracks  
  16  0:46  Refinery  
  16  0:54  SCV  
  17  1:06  SCV  
  18  1:18  SCV  
  19  1:30  Orbital Command  
  19  1:42  Command Center  
  19  1:46  Reaper  
  20  2:01  SCV  
  20  2:06  Barracks  
  21  2:25  SCV  
  22  2:33  Factory  
  22  2:34  Barracks Reactor  
  22  2:37  Refinery  
  22  2:42  Supply Depot  
  22  2:45  SCV  
  23  2:55  Orbital Command  
  23  2:58  SCV  
  23  2:59  Barracks Tech Lab  
  24  3:10  SCV  
  25  3:13  Marine x2  
  25  3:18  Factory Tech Lab  
  27  3:21  Starport  
  27  3:23  SCV x2  
  29  3:31  Marine x3  
  29  3:33  Stimpack  
  32  3:38  SCV x2  
  34  3:55  Marine x3  
  35  3:57  SCV x2  
  35  3:59  Viking  
  41  4:09  SCV  
  42  4:11  SCV  
  42  4:14  Marine x3  
  46  4:20  Engineering Bay  
  46  4:29  SCV x2  
  46  4:30  Supply Depot x2  
  46  4:31  Siege Tank  
  51  4:38  Marine x2  
  51  4:39  Marine  
  54  4:51  Medivac, SCV x2  
  58  4:58  Missile Turret  
  58  5:01  Missile Turret  
  58  5:03  SCV  
  59  5:09  Missile Turret  
  58  5:30  SCV x2  
  58  5:32  Marine  
  58  5:33  Marine x2  
  63  5:38  Barracks x2  
  63  5:40  Barracks  
  63  5:42  Combat Shields, Terran Infantry Weapons Level 1  
  63  5:43  Missile Turret  
  63  5:48  Starport Reactor  
  63  5:50  Siege Tank  
  63  5:51  SCV x2  
  66  6:09  Marine x3  
  66  6:11  SCV  
  70  6:17  Supply Depot x3, SCV  
  71  6:20  Refinery  
  71  6:22  Refinery  
  71  6:25  Medivac x2  
  75  6:30  Barracks Tech Lab  
  75  6:32  Marine  
  75  6:33  Marine  
  75  6:38  Barracks Reactor  
  75  6:39  Marauder  
  75  6:51  Missile Turret  
  71  7:02  SCV x2  
  71  7:06  Marine  
  71  7:07  Marine x4  
  78  7:21  Command Center  
  66  7:39  Marine x5  
  66  7:40  Marine, Marauder  
  66  7:41  SCV x2  
  73  7:53  Medivac x2  
  73  7:54  SCV  
  73  7:55  SCV  
  73  7:58  Marauder  
  81  8:00  Terran Infantry Armor Level 1  
  81  8:04  Missile Turret  
  81  8:07  Armory  
  81  8:08  Engineering Bay  
  81  8:16  SCV  
  81  8:17  SCV  
  81  8:19  Concussive Shells  
  83  8:20  Marine x2  
  83  8:21  Barracks Reactor, Marine x2  
  83  8:22  Marauder  
  89  8:29  SCV x2  
  89  8:32  Marine  
  92  8:35  Orbital Command  
  92  8:38  Marine x2  
  92  8:41  SCV  
  95  8:46  Marine  
  95  8:47  Marauder  
  95  8:48  SCV  
  99  8:50  Marauder  
  99  8:53  SCV  
  102  9:00  SCV  
  103  9:08  Marine x5  
  103  9:09  Marine, Marauder  
  111  9:11  Marine  
  111  9:13  Supply Depot  
  111  9:14  Supply Depot  
  111  9:15  Supply Depot, Terran Infantry Weapons Level 2  
  112  9:19  Medivac  
  112  9:21  Refinery  
  112  9:22  SCV  
  115  9:26  Marine x2  
  117  9:35  Marauder  
  117  9:36  Sensor Tower  
  119  9:42  Marine x2  
  119  9:43  Marine x3  
  119  9:44  Siege Tank, Marine  
  128  9:45  SCV  
  128  9:46  SCV x2  
  131  9:54  Terran Vehicle Weapons Level 1  
  131  9:58  SCV x3  
  134  10:00  Refinery  
  121  10:10  SCV  
  75  10:29  Marine  
  75  10:30  Marine x7  
  81  10:47  Marine x3, Orbital Command  
  81  10:48  Marine x2, Missile Turret  
  81  10:49  Marauder x2  
  90  10:50  Missile Turret  
  90  10:51  Missile Turret  
  87  11:10  Marine x2, Marauder x2  
  87  11:11  Marine x4  
  94  11:17  Barracks  
  97  11:24  Terran Infantry Armor Level 2  
  97  11:28  Marine x2  
  97  11:31  Marauder x2  
  103  11:39  Sensor Tower  
  103  11:41  SCV x2  
  103  11:42  SCV  
  103  11:53  Marauder  
  104  12:01  Marine x4  
  104  12:04  Marine x2, Marauder  
  104  12:05  Siege Tank  
  115  12:13  Barracks Reactor  
  115  12:14  SCV, Marauder  
  115  12:15  SCV x2  
  120  12:25  Marauder  
  120  12:27  Command Center  
  122  12:35  SCV x3  
  122  12:36  Marauder  
  127  12:37  Siege Tank  
  127  12:42  Refinery, Terran Infantry Weapons Level 3  
  127  12:44  Terran Vehicle Weapons Level 2  
  130  12:48  Marine x4  
  130  12:49  Marine  
  135  12:58  SCV x3  
  138  13:00  Marine x3  
  138  13:03  Marine, Marauder  
  134  13:07  Supply Depot x2  
  134  13:10  Supply Depot  
  134  13:15  Missile Turret  
  134  13:24  Marine x4  
  134  13:25  Marine x2  
  140  13:29  Marauder x2  
  140  13:32  Marine x2  
  146  13:42  Marine  
  146  13:45  Planetary Fortress  
  147  13:50  Marauder x2  
  151  13:56  Command Center  
  151  14:01  Refinery  
  151  14:02  Marine x7  
  156  14:05  Refinery  
  156  14:08  Terran Infantry Armor Level 3  
  158  14:12  Marauder x2  
  122  14:46  Marine x5  
  122  14:47  Marine x5  
  126  15:03  Medivac  
  126  15:05  Siege Tank, Marauder  
  126  15:06  Marine x2, Marauder  
  137  15:09  Marine  
  137  15:11  Marine  
  135  15:25  Marine  
  135  15:27  Marine x2, Marauder x2  
  142  15:30  Marine  
  138  15:36  Medivac  
  138  15:40  Siege Tank, Marine x4  
  138  15:41  SCV  
  133  15:43  Marine  
  133  15:48  Marauder x2  
  138  15:52  Orbital Command  
  138  16:07  SCV  
  138  16:08  SCV x3  
  142  16:12  Marine x2  
  142  16:13  Marine x8  
  152  16:19  Medivac x2  
  156  16:30  Marine x2  
  156  16:32  Marauder  
  136  16:51  Marine  
  137  17:01  Marine  
  137  17:02  Marine  
Show
View Real Time Build Order
Export as new Build Order

Dafoe Terran 

Build Orders:  

Get SALT Encoding   

Show
View Real Time Build Order
Export as new Build Order

Myhome Terran 

Build Orders:  

Get SALT Encoding   

Tags
 
Add a new tag
Caveats
  • Supply blocks, unpowered buildings, or Contaminate may cause inaccurate times.
  • Supply counts are checked every 10 seconds.